cohdb
Replays
Latest Replays
All Replays
Popular Replays
Top Player Replays
Match Explorer
How It Works
Community
CoH3 Stats
Reddit
Sign in to upload your games and track your stats! →
Sign in with Steam
Match 40674466
Unlisted
Match 40674466
Overview
Messages
Build Orders
End
Construct Barracks
Engineer Squad
Riflemen Squad
M1 Mortar Team
Riflemen Squad
Construct Medical Station
Mechanized Support Center
Riflemen Squad
Construct Motor Pool
M1918 Browning Automatic Rifles
.30 cal Machine Gun
M3 75 mm Gun Motor Carriage
Engineer Squad
concrusher
Rasvak
Mystery
SchnellSchuh5000
PIGEONS ARE FBI DRONES
cottonpicker_69420
0
0
Comments
sign in to comment!
No comments posted yet!